 Dungeon Crawl Stone Soup version 0.24-a0-264-gf46a388 (webtiles) character file.

Game seed: 11273558423106104871

8432 emperorscorpion the Thaumaturge (level 11, -5/57 HPs)
             Began as a Deep Elf Conjurer on Apr 18, 2019.
             Was a Priest of Kikubaaqudgha.
             Slain by an unseen horror (7 damage)
             ... on level 10 of the Dungeon on Apr 19, 2019.
             The game lasted 00:27:27 (16601 turns).

emperorscorpion the Thaumaturge (DECj)             Turns: 16601, Time: 00:27:28

Health: -5/57      AC:  9    Str:  5    XL:     11   Next: 9%
Magic:  11/29      EV: 11    Int: 24    God:    Kikubaaqudgha [***...]
Gold:   922        SH:  0    Dex: 15    Spells: 27/34 levels left

rFire    . . .     SeeInvis .   a - staff of conjuration
rCold    + . .     Gourm    .   (no shield)
rNeg     + . .     Faith    .   q - +1 ring mail of Too Many Cooks {rPois rC+ rN+ rCorr}
rPois    +         Spirit   .   (no helmet)
rElec    .         Reflect  .   m - +0 cloak
rCorr    +         Harm     .   (no gloves)
MR       +....                  i - +1 pair of boots
Stlth    ++........             (no amulet)
HPRegen  0.19/turn              (no ring)
MPRegen  0.21/turn              (no ring)

@: no status effects
A: no striking features
a: Receive Corpses, Renounce Religion


You were on level 10 of the Dungeon.
You worshipped Kikubaaqudgha.
Kikubaaqudgha was most pleased with you.
You were not hungry.

You visited 1 branch of the dungeon, and saw 10 of its levels.
You also visited: Sewer.

You collected 922 gold pieces.

Inventory:

Hand Weapons
 b - a +4 quarterstaff of chaos
 d - a +0 dagger
 p - a +0 blowgun
 y - a +2 hand axe of distortion
Missiles
 l - 28 tomahawks (quivered)
 n - 25 poisoned needles
 t - 2 throwing nets
 v - 4 needles of confusion
 F - 2 tomahawks of returning
Armour
 g - a +0 robe
 i - a +1 pair of boots (worn)
 m - a +0 cloak (worn)
 q - the +1 ring mail of Too Many Cooks (worn) {rPois rC+ rN+ rCorr}
   (You found it on level 5 of the Dungeon)

   It protects you from cold.
   It protects you from poison.
   It protects you from negative energy.
   It provides partial protection from all sources of acid and corrosion.
Magical Staves
 a - an uncursed staff of conjuration (weapon)
Jewellery
 H - an uncursed amulet of rage {unknown}
 K - an uncursed amulet of rage {unknown}
Wands
 h - a wand of acid (1)
 o - a wand of scattershot (2)
 E - a wand of paralysis (6)
 I - a wand of random effects (19)
Scrolls
 f - 2 scrolls of teleportation
 k - 3 scrolls of fog
 r - 9 scrolls of identify
 w - a scroll of enchant armour
 A - a scroll of amnesia
 B - a scroll of immolation
 D - 2 scrolls of remove curse
 G - 5 scrolls of magic mapping
 L - a scroll of enchant weapon
Potions
 e - 4 potions of invisibility
 j - 2 potions of brilliance {unknown}
 s - 2 potions of berserk rage
 u - a potion of haste {unknown}
 z - 4 potions of curing {unknown}
 C - a potion of flight
 J - a potion of magic {unknown}
Miscellaneous
 x - a lamp of fire
Comestibles
 c - 13 rations


   Skills:
 + Level 2.2 Fighting
 + Level 4.4 Staves
 + Level 3.1 Armour
 + Level 5.5 Dodging
 + Level 5.7 Stealth
 + Level 12.1 Spellcasting
 + Level 11.5 Conjurations
 * Level 6.8 Necromancy


You had 27 spell levels left.
You knew the following spells:

 Your Spells              Type           Power        Failure   Level  Hunger
a - Magic Dart            Conj           ####         1%          1    None
b - Iskenderun's Mystic   Conj           #######.     1%          4    None
c - Corpse Rot            Necr           N/A          1%          2    None

Your spell library contained the following spells:

 Spells                   Type           Power        Failure   Level  Hunger
 Pain                     Necr           ####         1%          1    None
 Searing Ray              Conj           ######       1%          2    None
 Sublimation of Blood     Necr           #####.....   1%          2    None
 Vampiric Draining        Necr           #####.....   3%          3    None
 Dazzling Spray           Conj/Hex       ######       5%          3    None
 Animate Dead             Necr           N/A          11%         4    None
 Force Lance              Conj/Tloc      ######..     17%         4    None
 Fulminant Prism          Conj/Hex       ######....   17%         4    None
 Agony                    Necr           #####...     30%         5    ###....
 Dispel Undead            Necr           #####...     30%         5    ###....
 Excruciating Wounds      Chrm/Necr      ####......   77%         5    ###....
 Simulacrum               Ice/Necr       ####......   100%        6    #####..


Dungeon Overview and Level Annotations

Branches:
Dungeon (10/15)            Temple (0/1) D:7
   Lair: D:8-11         Orc: D:9-12

Altars:
Ashenzari
Dithmenos
Elyvilon
Fedhas
Kikubaaqudgha
Nemelex Xobeh
Okawaru
Sif Muna
Trog
Uskayaw
Vehumet
Xom
Yredelemnul
The Shining One
Beogh

Shops:
D:5 %


Message History

* * * LOW HITPOINT WARNING * * *
Something hits you.
* * * LOW HITPOINT WARNING * * *
Casting: Iskenderun's Mystic Blast (safe; 1% risk of failure)
Confirm with . or Enter, or press ? or * to list all spells.
Aiming: Iskenderun's Mystic Blast (safe; 1% risk of failure)
Press: ? - help, Shift-Dir - straight line, f - you You feel a surge of power!
Something hits you!
* * * LOW HITPOINT WARNING * * *
Okay, then.
Casting: Iskenderun's Mystic Blast (safe; 1% risk of failure)
Confirm with . or Enter, or press ? or * to list all spells.
Aiming: Iskenderun's Mystic Blast (safe; 1% risk of failure)
Press: ? - help, Shift-Dir - straight line, f - you You feel a surge of power!
The orb of energy hits something!!
Something hits you.
* * * LOW HITPOINT WARNING * * *
Something hits you!
You die...
Kikubaaqudgha rasps: "You have failed me!
Welcome... death!"

#
#.#...#######..#..#...#
#
#.#.#.(..#.....#...(..
# #.#(#..(.#...#.#.##.#
# #.#<.)..))........(.#
# #.#.#..###.....#..) #
#...#........[.#.# #
#####.....#####.#(...#
#......#######..#.#..#
#......#
#.@{..##.#.....#
#......#
#.######.......#
##......###. #....>..#
#<#......... ##......#
#.#####..... ########
#.( ..... #### .###+ #.


There were no monsters in sight!

Vanquished Creatures
  A two-headed ogre (D:10)
  Pikel (D:8)
  A troll (D:9)
  Prince Ribbit (D:6)
  2 hippogriffs (D:8)
  A vampire (D:9)
  Sigmund (D:3)
  Eustachio (D:4)
  A hungry ghost (D:7)
  Edmund (D:6)
  A water moccasin (D:9)
  Purgy (Sewer)
  5 sky beasts
  6 orc warriors
  3 ice beasts
  A phantom (D:10)
  2 eyes of draining (D:10)
  6 ogres
  4 centaurs
  A gnoll sergeant (D:4)
  6 bullfrogs
  3 scorpions
  2 howler monkeys
  4 wights (D:4)
  A bullfrog zombie (D:6)
  A jelly (D:7)
  2 bullfrog skeletons
  6 crimson imps
  4 hounds
  2 centaur skeletons
  2 quasits
  5 gnoll shamans
  4 orc priests
  Crazy Yiuf (D:2)
  10 orc wizards
  Jessica (D:2)
  An iguana (D:8)
  Ijyb (D:3)
  4 worker ants
  Natasha (thrice) (D:3)
  A hound skeleton (D:9)
  15 adders
  45 gnolls
  3 shadow imps
  2 oozes (D:1)
  2 adder zombies
  2 adder skeletons
  2 worms
  3 dart slugs
  9 leopard geckos
  66 orcs
  3 ball pythons
  6 giant cockroaches
  6 goblins
  2 hobgoblins (D:1)
  27 jackals
  12 kobolds
  3 quokkas
  5 bats
  A frilled lizard (D:3)
  A jackal skeleton (D:8)
  2 quokka skeletons
  10 rats
  A spectral orc (D:4)
  A fungus (D:2)
334 creatures vanquished.

Notes
Turn   | Place    | Note
-------+----------+-------------------------------------------
     0 | D:1      | emperorscorpion the Deep Elf Conjurer began the quest for
                  | the Orb.
     0 | D:1      | Reached XP level 1. HP: 10/10 MP: 6/6
   167 | D:1      | Reached XP level 2. HP: 10/15 MP: 2/8
   373 | D:1      | Reached skill level 5 in Conjurations
   742 | D:1      | Reached XP level 3. HP: 19/19 MP: 5/9
  1633 | D:2      | Noticed a scorpion
  1638 | D:2      | Killed a scorpion
  1638 | D:2      | Reached skill level 4 in Spellcasting
  1638 | D:2      | Reached XP level 4. HP: 24/24 MP: 6/12
  1644 | D:2      | Learned a level 4 spell: Iskenderun's Mystic Blast
  2149 | D:2      | Reached XP level 5. HP: 28/28 MP: 8/13
  2246 | D:2      | Noticed Jessica
  2248 | D:2      | Killed Jessica
  2861 | D:2      | Found a runed translucent door.
  2931 | D:2      | Noticed Crazy Yiuf
  2937 | D:2      | Killed Crazy Yiuf
  3352 | D:3      | Noticed a centaur
  3356 | D:3      | Killed a centaur
  3356 | D:3      | Reached skill level 5 in Spellcasting
  3356 | D:3      | Reached XP level 6. HP: 32/32 MP: 10/15
  3529 | D:3      | Found a glowing drain.
  3540 | Sewer    | Entered a sewer
  3690 | Sewer    | Noticed Purgy
  3699 | Sewer    | Killed Purgy
  3699 | Sewer    | Reached skill level 1 in Staves
  3699 | Sewer    | Reached skill level 6 in Spellcasting
  3699 | Sewer    | Reached XP level 7. HP: 36/36 MP: 1/18
  4011 | D:3      | Noticed Natasha
  4011 | D:3      | Noticed Sigmund
  4014 | D:3      | Killed Natasha
  4015 | D:3      | Noticed Ijyb
  4038 | D:3      | Killed Sigmund
  4040 | D:3      | Killed Ijyb
  4304 | D:3      | Noticed Natasha
  4305 | D:3      | Killed Natasha
  4971 | D:4      | Reached skill level 1 in Fighting
  5115 | D:4      | Reached XP level 8. HP: 43/43 MP: 4/19
  5448 | D:4      | Reached skill level 7 in Spellcasting
  5605 | D:4      | Found a basalt altar of Yredelemnul.
  6172 | D:4      | Found a bloodstained altar of Trog.
  6172 | D:4      | Found an iron altar of Okawaru.
  6283 | D:4      | Reached skill level 5 in Stealth
  6860 | D:4      | Noticed Eustachio
  6865 | D:4      | Killed Eustachio
  7851 | D:4      | Found a white marble altar of Elyvilon.
  7927 | D:3      | Noticed Natasha
  7933 | D:3      | Killed Natasha
  8068 | D:5      | Entered Level 5 of the Dungeon
  8298 | D:5      | Reached skill level 8 in Spellcasting
  8298 | D:5      | Reached XP level 9. HP: 48/48 MP: 0/23
  8559 | D:5      | Found an ancient bone altar of Kikubaaqudgha.
  8567 | D:5      | Became a worshipper of Kikubaaqudgha
  8806 | D:5      | Identified a scroll of acquirement
  8812 | D:5      | Got a steaming ring mail
  8824 | D:5      | Identified the +1 ring mail of Too Many Cooks {rPois rC+
                  | rN+ rCorr} (You found it on level 5 of the Dungeon)
  8830 | D:5      | Found a shattered altar of Ashenzari.
  8831 | D:5      | Found Bimucig's Food Emporium.
  9348 | D:6      | Noticed Prince Ribbit
  9351 | D:6      | Killed Prince Ribbit
  9351 | D:6      | Reached skill level 1 in Necromancy
  9625 | D:6      | Found a glowing golden altar of the Shining One.
  9948 | D:6      | Reached skill level 9 in Spellcasting
 10015 | D:6      | Noticed Edmund
 10018 | D:6      | Killed Edmund
 10034 | D:6      | Reached skill level 1 in Armour
 11032 | D:7      | Reached skill level 5 in Dodging
 11163 | D:7      | Found a shadowy altar of Dithmenos.
 11165 | D:7      | Reached skill level 10 in Conjurations
 11264 | D:7      | Reached * piety under Kikubaaqudgha
 11264 | D:7      | Identified Kikubaaqudgha's Incunabulum of Black Arts
                  | (Kikubaaqudgha gifted it to you on level 7 of the Dungeon)
 11264 | D:7      | Received a gift from Kikubaaqudgha
 11392 | D:7      | Reached skill level 10 in Spellcasting
 11798 | D:7      | Found a staircase to the Ecumenical Temple.
 12074 | D:7      | Found a hide-covered altar of Uskayaw.
 12533 | D:8      | Reached XP level 10. HP: 53/53 MP: 19/26
 12636 | D:8      | Found a deep blue altar of Sif Muna.
 12637 | D:8      | Found an ancient bone altar of Kikubaaqudgha.
 12637 | D:8      | Found a radiant altar of Vehumet.
 12639 | D:8      | Identified Kikubaaqudgha's Volume of Darkness
 12869 | D:8      | Learned a level 2 spell: Corpse Rot
 13131 | D:8      | Reached ** piety under Kikubaaqudgha
 13131 | D:8      | Reached skill level 5 in Necromancy
 13134 | D:8      | Noticed Pikel
 13314 | D:8      | Killed Pikel
 13802 | D:8      | Reached skill level 11 in Spellcasting
 15085 | D:9      | Found a sparkling altar of Nemelex Xobeh.
 15086 | D:9      | Found a blossoming altar of Fedhas.
 15087 | D:9      | Found a shimmering altar of Xom.
 15424 | D:9      | Reached *** piety under Kikubaaqudgha
 15424 | D:9      | Identified Kikubaaqudgha's Tome of Black Rites
                  | (Kikubaaqudgha gifted it to you on level 9 of the Dungeon)
 15424 | D:9      | Received a gift from Kikubaaqudgha
 15659 | D:9      | Found a roughly hewn altar of Beogh.
 15786 | D:9      | Upgraded the game from 0.24-a0-254-gf493760 to
                  | 0.24-a0-264-gf46a388
 15825 | D:10     | Entered Level 10 of the Dungeon
 16174 | D:10     | Noticed a two-headed ogre
 16176 | D:10     | Killed a two-headed ogre
 16176 | D:10     | Reached XP level 11. HP: 45/57 MP: 19/28
 16191 | D:10     | Reached skill level 12 in Spellcasting
 16601 | D:10     | HP: 2/57 [something (2)]
 16601 | D:10     | Slain by an unseen horror

Levels and vault maps discovered:
D:1:      minmay_arrival_hallway, layout_loops_ring, minmay_hedge_maze,
          minmay_misc_feat_roman
D:2:      layout_loops_corners, chequers_serial_rivers_room_b, uniq_jessica,
          uniq_crazy_yiuf_cottage
D:3:      layout_basic, first_ration, portal_sewer_entry_d, uniq_natasha,
          uniq_sigmund, uniq_ijyb
D:4:      lemuel_castle_with_subvaults [lemuel_castle_interior_carwin_1],
          layout_basic, grunt_temple_overflow_bloody_war,
          yredelemnul_forgotten_temple_becter, kennysheep_little_box,
          kennysheep_another_room, minmay_misc_feat_rows, uniq_eustachio
D:5:      layout_loops_corners, ashenzari_altar_1, serial_shops, shop,
          basic_altar
D:6:      minmay_spotlight, layout_basic, tso_metal_star, uniq_edmund,
          uniq_prince_ribbit1
D:7:      layout_basic, eat_drink_and_be_merry_uskayaw,
          minmay_temple_entry_sparse_star, basic_altar
D:8:      layout_basic, grunt_temple_overflow_magic_moments, uniq_pikel
D:9:      layout_roguey [special_room_orc],
          chequers_temple_overflow_statue_of_worship, nicolae_underground_beach
D:10:     layout_basic
Sewer:    sewer_the_crocodile

Skill      XL: |  1  2  3  4  5  6  7  8  9 10 11 |
---------------+----------------------------------+-----
Conjurations   | 5 6 7 8 9 10 11 | 11.5
Stealth        | 3 4 5 |  5.7
Spellcasting   | 4 5 6 8 10 11 12 | 12.1
Staves         | 1 2 3 4 |  4.4
Dodging        | 3 4 5 |  5.5
Fighting       | 1 2 |  2.2
Necromancy     | 4 6 |  6.8
Armour         | 1 3 |  3.1

Action                   |  1- 3 |  4- 6 |  7- 9 | 10-12 || total
-------------------------+-------+-------+-------+-------++-------
Melee: Dagger            |       |    16 |       |       ||    16
       Quarterstaff      |       |    21 |    85 |    41 ||   147
       Staff             |       |       |     1 |     1 ||     2
 Cast: Magic Dart        |    63 |    34 |   114 |    44 ||   255
       Iskenderun's Myst |       |    25 |   174 |   110 ||   309
       Corpse Rot        |       |       |       |     1 ||     1
Evoke: Wand              |       |       |     2 |     2 ||     4
  Use: Potion            |       |     1 |     3 |       ||     4
       Scroll            |       |       |    12 |     3 ||    15
 Stab: Sleeping          |       |     2 |     1 |     1 ||     4
       Paralysed         |       |       |     7 |       ||     7
  Eat: Chunk             |     2 |     7 |    34 |    13 ||    56
       Ration            |       |     1 |     1 |       ||     2
Armor: Robe              |     4 |     7 |    12 |       ||    23
       Skin              |       |    11 |       |       ||    11
       Ring mail         |       |       |    14 |    41 ||    55
Dodge: Dodged            |     2 |    20 |    76 |    49 ||   147

Table legend:
 A = Non-vault XP
 B = Vault XP
 C = Vault XP percentage of total XP
 D = Non-vault monster count
 E = Vault monster count
 F = Vault count percentage of total count
                 A         B        C        D         E       F
            +---------+---------+-------+---------+---------+-------
      Total |    8744 |    3302 |  27.4 |     228 |     105 |  31.5
            +---------+---------+-------+---------+---------+-------
        D:1 |      41 |       0 |   0.0 |      16 |       0 |   0.0
        D:2 |     192 |      77 |  28.6 |      31 |       2 |   6.1
        D:3 |     421 |     294 |  41.1 |      30 |       4 |  11.8
        D:4 |     593 |     978 |  62.3 |      23 |      58 |  71.6
        D:5 |     319 |       0 |   0.0 |      14 |       0 |   0.0
        D:6 |     603 |     545 |  47.5 |      15 |       7 |  31.8
        D:7 |    1313 |       0 |   0.0 |      36 |       0 |   0.0
        D:8 |    1475 |     641 |  30.3 |      26 |       1 |   3.7
        D:9 |    1459 |     626 |  30.0 |      12 |      27 |  69.2
       D:10 |    2328 |       0 |   0.0 |      25 |       0 |   0.0
      Sewer |       0 |     141 | 100.0 |       0 |       6 | 100.0
            +---------+---------+-------+---------+---------+-------
